 Dungeon Crawl Stone Soup version 0.13.0-13-g27bfa31 (webtiles) character file.

3486 HungrySpirit the Pacifier (level 9, -4/69 HPs)
             Began as a Hill Orc Healer on Oct 19, 2013.
             Was a Priest of Elyvilon.
             Slain by a yak (5 damage)
             ... on Level 9 of the Dungeon.
             The game lasted 00:30:16 (9441 turns).

HungrySpirit the Pacifier (Hill Orc Healer)         Turns: 9441, Time: 00:30:16

HP  -4/69        AC  8     Str 18      XL: 9   Next: 95%
MP  24/24        EV 15     Int 12      God: Elyvilon [***...]
Gold 311         SH  0     Dex 15      Spells:  0 memorised,  8 levels left

Res.Fire  : . . .   See Invis. : +   j - +0,+2 dwarf hand axe (chop) (curse)
Res.Cold  : . . .   Warding    : .   i - +0 ring mail
Life Prot.: . . .   Conserve   : +   (no shield)
Res.Poison: .       Res.Corr.  : +   (no helmet)
Res.Elec. : .       Clarity    : .   B - +1 cloak {rCorr, Cons}
Sust.Abil.: . .     Spirit.Shd : .   (no gloves)
Res.Mut.  : .       Stasis     : .   (no boots)
Res.Rott. : .       Flight     : .   a - amulet of faith
Saprovore : + . .                    (no ring)
                                     n - ring of see invisible

@: agile, slightly resistant to hostile enchantments, fairly stealthy
A: saprovore 1
a: Lesser Healing, Lesser Self-Healing, Divine Protection, Purification, Greater
Healing, Greater Self-Healing, Renounce Religion


You were on level 9 of the Dungeon.
You worshipped Elyvilon.
Elyvilon was most pleased with you.
You were starving.

You visited 1 branch of the dungeon, and saw 9 of its levels.

You collected 237 gold pieces.
You spent 26 gold pieces at shops.

Inventory:

Hand weapons
 h - a +1,+1 dwarven mace
 j - a cursed +0,+2 dwarven hand axe of chopping (weapon)
Armour
 i - a +0 ring mail (worn)
 B - a +1 cloak of preservation (worn)
Magical devices
 z - a wand of slowing (0)
Comestibles
 d - 2 meat rations
 k - 3 bread rations
 m - 3 beef jerkies
Scrolls
 e - 10 scrolls of remove curse
 g - 2 scrolls of fog
 l - 3 scrolls of enchant armour
 w - a scroll of immolation
 A - a scroll of silence
 C - 2 scrolls of teleportation
Jewellery
 a - an amulet of faith (around neck)
 n - a ring of see invisible (left hand)
Potions
 b - a potion of mutation {unknown}
 f - 2 potions of agility
 t - a potion of resistance
 v - a potion of flight
 D - 2 potions of restore abilities


   Skills:
 - Level 3.1 Fighting
 - Level 10.0 Axes
 + Level 5.7 Armour
 - Level 1.5 Dodging
 + Level 12.9 Invocations


You had 8 spell levels left.
You didn't know any spells.

Dungeon Overview and Level Annotations

Branches:
Dungeon (9/27)                Orc (0/4) D:6
 Temple: D:4-7         Lair: D:8-13

Altars:
Kikubaaqudgha
Yredelemnul

Shops:
D:4 *   D:6 *

Annotations:
D:7 Pikel


Innate Abilities, Weirdness & Mutations

You can tolerate rotten meat.


Message History

The yak closely misses you.
Use which ability? (? or * to list) You're too hungry.
You completely miss the yak.
The yak is heavily wounded.
You closely miss the yak.
The yak is heavily wounded.
The yak barely misses you.
You hit the yak.
The yak is severely wounded.
The yak gores you.
* * * LOW HITPOINT WARNING * * *
You hit the yak.
The yak is severely wounded.
The yak gores you!
* * * LOW HITPOINT WARNING * * *
You hit the yak but do no damage.
The yak is severely wounded.
The yak gores you.
You die...

#.# ## #.# .. #.#
#####.#%######################
#
.....(........................
.
#####.#.............##########
# ................##.# #
##############Y##.# #
#....#@##.# # #.#.##.##.# #
#.#.##.##.#############
#......##..............
###.................###
###############.### # #.# ###
#.# #.. #.#####


You could see a yak.

Vanquished Creatures
  A feature mimic (D:8)
  Eustachio (D:7)
  2 yaks (D:9)
  A slave (D:8)
  2 ice beasts (D:6)
  5 ogres
  2 centaurs
  A giant frog (D:6)
  3 goliath beetles
  3 crimson imps
  2 orc priests
  Crazy Yiuf (D:3)
  3 scorpions
  A hound (D:9)
  4 jellies
  An iguana (D:5)
  A giant frog skeleton (D:6)
  A black bear skeleton (D:6)
  A worker ant (D:8)
  2 orc wizards (D:4)
  An ogre zombie (D:6)
  Terence (D:3)
  3 gnolls
  2 lemures (D:7)
  2 adders (D:2)
  A green rat (D:7)
  A white imp (D:7)
  A worm (D:7)
  3 giant mites
  An ufetubus (D:7)
  An adder skeleton (D:7)
  2 grey rats (D:7)
  An iguana skeleton (D:6)
  4 giant geckos
  12 orcs
  5 giant cockroaches
  8 hobgoblins
  7 jackals
  A quokka (D:6)
  11 bats
  A giant cockroach zombie (D:5)
  2 giant gecko skeletons
  5 giant newts
  6 goblins
  5 kobolds
  A kobold skeleton (D:6)
  A kobold zombie (D:7)
  14 rats
  A rat zombie (D:5)
  A spectral orc (D:4)
143 creatures vanquished.

Vanquished Creatures (others)
  Erolcha (D:8)
  3 yaks (D:9)
  An orc wizard (D:8)
  2 orcs
  A hobgoblin (D:1)
  A giant spore (D:8)
  A goblin (D:1)
  2 jackals (D:8)
12 creatures vanquished.

Grand Total: 155 creatures vanquished

Notes
Turn   | Place    | Note
--------------------------------------------------------------
     0 | D:1      | HungrySpirit, the Hill Orc Healer, began the quest for the Orb.
     0 | D:1      | Reached XP level 1. HP: 17/17 MP: 2/2
   186 | D:1      | Reached skill level 5 in Invocations
   309 | D:1      | Reached XP level 2. HP: 24/24 MP: 4/4
   897 | D:1      | Reached skill level 1 in Axes
   897 | D:1      | Reached XP level 3. HP: 30/30 MP: 6/6
  1385 | D:2      | Reached XP level 4. HP: 13/37 MP: 8/8
  1635 | D:2      | WildSam: Tima peedori, sasha tasheet.
  1689 | D:2      | Reached skill level 6 in Invocations
  1978 | D:3      | Reached XP level 5. HP: 17/42 MP: 11/11
  2392 | D:3      | Found an ancient bone altar of Kikubaaqudgha.
  2523 | D:3      | Noticed Terence
  2530 | D:3      | Killed Terence
  2640 | D:3      | Noticed Crazy Yiuf
  2690 | D:3      | Killed Crazy Yiuf
  2826 | D:3      | Identified a +1 cloak of preservation (You took it off Crazy Yiuf on level 3 of the Dungeon)
  3273 | D:4      | Reached skill level 7 in Invocations
  3280 | D:4      | Reached XP level 6. HP: 42/50 MP: 12/14
  3348 | D:4      | Reached skill level 5 in Axes
  3466 | D:4      | Found Aguemuhu's Elemental Accessories.
  3556 | D:4      | Found a basalt altar of Yredelemnul.
  4149 | D:5      | Entered Level 5 of the Dungeon
  4154 | D:5      | Reached skill level 8 in Invocations
  4175 | D:5      | Reached XP level 7. HP: 53/56 MP: 17/17
  4873 | D:5      | Reached skill level 9 in Invocations
  5344 | D:6      | Found a staircase to the Orcish Mines.
  5555 | D:6      | Reached XP level 8. HP: 46/63 MP: 20/20
  5873 | D:6      | Found Ona Japn's General Store.
  5881 | D:6      | Bought a scroll of identify for 26 gold pieces
  6041 | D:6      | Reached skill level 10 in Invocations
  6414 | D:6      | Acquired Elyvilon's third power
  6475 | D:7      | Noticed Eustachio
  6547 | D:7      | Killed Eustachio
  7161 | D:7      | Noticed Pikel
  7439 | D:7      | Reached skill level 11 in Invocations
  7737 | D:7      | Reached XP level 9. HP: 52/69 MP: 22/22
  8037 | D:8      | Reached skill level 10 in Axes
  8117 | D:8      | Noticed Erolcha
  8136 | D:8      | HP: 1/69 [Erolcha/orb of energy (21)]
  8145 | D:8      | Killed Erolcha
  8419 | D:8      | Reached skill level 12 in Invocations
  8691 | D:8      | Found a staircase to the Lair.
  8692 | D:8      | the staircase to the Lair was a mimic.
  8703 | D:8      | Killed a staircase mimic
  9157 | D:9      | Reached skill level 5 in Armour
  9440 | D:9      | HP: 1/69 [yak (13)]
  9441 | D:9      | Slain by a yak

Action                   |  1- 3 |  4- 6 |  7- 9 || total
-------------------------+-------+-------+-------++-------
Melee: Mace              |    20 |       |       ||    20
       Unarmed           |     6 |       |       ||     6
       Hand axe          |    91 |   132 |   536 ||   759
Invok: Lesser Healing    |    20 |    15 |    45 ||    80
  Use: Scroll            |       |     5 |    12 ||    17
       Potion            |       |       |    10 ||    10
 Stab: Invisible         |       |     2 |       ||     2
